AoeStats
← AOKI_GworK

Arabia

503598046Analyzed
1v1 RM · 1mo ago on Sep 1, 2026· 42m 26s· 2 players
Game mode
Random Map
Map size
Tiny (2 player)
Population
200
Speed
Normal
Resources
Standard
Victory
Conquest
Starting age
Dark Age
Ending age
Imperial Age
RankedLock teamsTeams togetherTeam positionsShared explorationLock speedFull tech treeHidden civsTurbo modeCheats
Victory
Defeat
🇫🇷 Lithuanians · France
1794
+20
🇨🇭 Ethiopians · Switzerland
1887
-20
AOKI_GworK
6:18 Loom
8:52 Feudal Age
8:55 Man-at-Arms
9:50 Double-Bit Axe
15:39 Fletching
18:24 Wheelbarrow
17:40 Horse Collar
18:24 Padded Archer Armor
23:38 Castle Age
23:16 Scale Barding Armor
23:55 Bloodlines
25:32 Chain Barding Armor
31:34 Bow Saw
33:50 Forging
33:40 Town Watch
35:48 Hand Cart
36:16 Elite Skirmisher
38:07 Iron Casting
37:40 Bodkin Arrow
38:09 Ballistics
39:09 Husbandry
40:40 Leather Archer Armor
41:29 Scale Mail Armor
GdR_Nataniele05
5:37 Loom
8:56 Feudal Age
9:00 Man-at-Arms
10:22 Double-Bit Axe
19:58 Fletching
21:08 Scale Barding Armor
23:59 Wheelbarrow
27:07 Castle Age
25:20 Horse Collar
26:39 Padded Archer Armor
27:09 Crossbowman
27:45 Bodkin Arrow
31:31 Scale Mail Armor
34:09 Chain Mail Armor
40:45 Imperial Age
38:33 Squires
41:18 Arbalester
42:02 Bracer
Connection lost

Rejoining the realm…

Still unreachable

The connection could not be restored.

Session expired

The server has moved on; the page needs a fresh start.